 Dungeon Crawl Stone Soup version 0.26.1-10-gdfb7c7de75 (webtiles) character file.

Game seed: 2018803009303750776

1694 Eitelfritz the Carver (level 9, -5/75 HPs)
             Began as a Hill Orc Fighter on Apr 11, 2021.
             Slain by Prince Ribbit (15 damage)
             ... on level 6 of the Dungeon.
             The game lasted 00:13:51 (7836 turns).

Eitelfritz the Carver (Hill Orc Fighter)            Turns: 7836, Time: 00:13:52

Health: -5/75      AC:  7    Str: 21    XL:     9   Next: 2%
Magic:  9/9        EV:  8    Int:  9    God:
Gold:   290        SH: 10    Dex: 10    Spells: 8/8 levels left

rFire    . . .     SeeInvis .   a - +1 long sword
rCold    . . .     Faith    .   c - +0 kite shield
rNeg     . . .     Spirit   .   b - +0 scale mail
rPois    .         Reflect  .   (no helmet)
rElec    .         Harm     .   (no cloak)
rCorr    .         Rampage  .   (no gloves)
Will     .....                  (no boots)
Stlth    ..........             h - amulet of magic regeneration
HPRegen  0.22/turn              n - ring of flight
MPRegen  0.36/turn              (no ring)

@: no status effects
A: no striking features
a: Evoke Flight


You were on level 6 of the Dungeon.
You visited 1 branch of the dungeon, and saw 6 of its levels.
You also visited: Sewer.

You collected 290 gold pieces.

Inventory:

Hand Weapons
 a - a +1 long sword (weapon)
Missiles
 g - 141 stones
 j - 9 boomerangs (quivered)
 r - 15 poisoned darts
Armour
 b - a +0 scale mail (worn)
 c - a +0 kite shield (worn)
Magical Staves
 y - an uncursed staff of earth {unknown}
Jewellery
 h - an amulet of magic regeneration (around neck)
 n - a ring of flight (left hand)
 w - an uncursed ring of fire
Wands
 v - a wand of flame (20)
Scrolls
 f - 2 scrolls of enchant weapon
 i - a scroll of teleportation
 m - 3 scrolls of amnesia
 p - a scroll of fear
 q - a scroll of blinking
 s - a scroll of random uselessness {unknown}
Potions
 d - a potion of might
 e - 3 potions of brilliance
 k - 2 potions of curing
 l - a potion of attraction
 o - a potion of heal wounds {unknown}
 t - a potion of mutation {unknown}
 u - a potion of cancellation {unknown}
 x - a potion of haste {unknown}
 z - a potion of degeneration {unknown}
 A - 2 potions of flight {unknown}


   Skills:
 + Level 5.7 Fighting
 + Level 8.1 Long Blades
 + Level 1.0 Throwing
 + Level 6.9 Armour
 + Level 2.1 Dodging
 + Level 0.1 Stealth
 + Level 5.6 Shields


You had 8 spell levels left.
You didn't know any spells.
Your spell library contained the following spells:

 Spells                   Type           Power        Failure   Level
 Foxfire                  Conj/Fire      0%           98%         1
 Sting                    Tmut/Pois      0%           98%         1
 Inner Flame              Hex/Fire       0%           100%        3
 Sticky Flame             Conj/Fire      0%           100%        4
 Bolt of Magma            Conj/Fire/Erth 0%           100%        5
 Fireball                 Conj/Fire      0%           100%        5


Dungeon Overview and Level Annotations

Branches:
Dungeon (6/15)              Sewer (visited)
 Temple: D:4-7

Altars:
Ashenzari
Dithmenos
Ru
Sif Muna
Vehumet

Annotations:
D:4 3 runed translucent doors, H0rd4k's ghost, novice HuAr
D:5 1 runed translucent door, TangoThomas's ghost, novice HaWr
D:6 Prince Ribbit


Message History

You hit Prince Ribbit.
Prince Ribbit is moderately wounded.
Prince Ribbit barely misses you. Prince Ribbit hits you.
You barely miss Prince Ribbit.
Prince Ribbit is moderately wounded.
Prince Ribbit closely misses you.
You riposte.
You hit Prince Ribbit.
Prince Ribbit is heavily wounded.
You miss Prince Ribbit.
Prince Ribbit is heavily wounded.
Prince Ribbit hits you! You block Prince Ribbit's attack.
You barely miss Prince Ribbit.
Prince Ribbit is heavily wounded.
Prince Ribbit hits you!
* * * LOW HITPOINT WARNING * * *
You hit Prince Ribbit.
Prince Ribbit is heavily wounded.
Prince Ribbit hits you!
* * * LOW HITPOINT WARNING * * *
Prince Ribbit hits you!
You die...

. #..#......# #.
..#).....# .##.#......#
#.# ...........###.#
#.#.##....)##.#
###.###.#.##.###.##.###
..............))...>..#.
##.###F#.######)##.....
#@#.# ###†##...## #'#+#
#......###
#.......##.#.##.# ##
#.......##...##.# #.
+.......#######.# #.
#.......# #.#.###.
#.......# #.#.##..
#........ #.#.##..
#........# #.......


You could see Prince Ribbit.

Vanquished Creatures
  Eustachio (D:5)
  A phantom (D:5)
  An ice beast (D:5)
  2 ogres
  A centaur (D:5)
  2 bullfrogs (Sewer)
  2 scorpions
  A howler monkey (D:5)
  A hound (D:6)
  An orc priest (D:5)
  A gnoll shaman (D:6)
  2 bullfrog skeletons (D:5)
  3 orc wizards
  Natasha (thrice) (D:2)
  An iguana (D:4)
  2 worker ants (D:4)
  A statue (D:4)
  A hound skeleton (D:4)
  5 gnolls (D:6)
  14 adders
  2 white imps (D:5)
  2 ufetubi (D:6)
  13 oozes
  An adder skeleton (D:3)
  A worm (D:3)
  3 dart slugs
  22 leopard geckos
  19 orcs
  9 ball pythons
  A bat (D:3)
  15 giant cockroaches
  9 goblins
  7 hobgoblins
  5 quokkas
  A ball python skeleton (D:5)
  17 frilled lizards
  A giant cockroach zombie (D:5)
  6 kobolds
  6 rats
186 creatures vanquished.

Vanquished Creatures (others)
  4 plants (D:3)
4 creatures vanquished.

Grand Total: 190 creatures vanquished

Notes
Turn   | Place    | Note
-------+----------+-------------------------------------------
     0 | D:1      | Eitelfritz the Hill Orc Fighter began the quest for the
                  | Orb.
     0 | D:1      | Reached XP level 1. HP: 19/19 MP: 1/1
    92 | D:1      | Reached XP level 2. HP: 12/27 MP: 2/2
   730 | D:1      | Reached XP level 3. HP: 33/33 MP: 3/3
  1081 | D:2      | Found a sacrificial altar of Ru.
  1458 | D:2      | Found a shimmering blue altar of Sif Muna.
  1520 | D:2      | Noticed Natasha
  1523 | D:2      | Reached skill level 3 in Long Blades
  1536 | D:2      | Killed Natasha
  1537 | D:2      | Reached XP level 4. HP: 29/40 MP: 4/4
  1756 | D:2      | Noticed Natasha
  1763 | D:2      | Killed Natasha
  2031 | D:2      | Reached XP level 5. HP: 45/46 MP: 5/5
  2085 | D:2      | Noticed Natasha
  2093 | D:2      | Killed Natasha
  2279 | D:3      | Reached skill level 4 in Long Blades
  3065 | D:3      | Reached XP level 6. HP: 49/53 MP: 6/6
  3324 | D:4      | Found a glowing drain.
  3340 | D:4      | Reached skill level 5 in Long Blades
  3350 | Sewer    | Entered a sewer
  3659 | Sewer    | Reached skill level 5 in Armour
  4116 | Sewer    | Reached skill level 1 in Dodging
  4116 | Sewer    | Reached XP level 7. HP: 43/60 MP: 7/7
  4357 | Sewer    | Identified the Compendium of Ignition and Toxins
  4554 | D:4      | Reached skill level 6 in Long Blades
  4695 | D:4      | Found a radiant altar of Vehumet.
  4851 | D:4      | Found a runed translucent gate.
  4851 | D:4      | Found a runed translucent gate.
  4874 | D:4      | Noticed H0rd4k's ghost (novice HuAr)
  4903 | D:4      | Reached skill level 1 in Throwing
  5159 | D:4      | Found a runed translucent gate.
  5437 | D:5      | Entered Level 5 of the Dungeon
  5512 | D:5      | Reached XP level 8. HP: 53/67 MP: 8/8
  5538 | D:5      | Reached skill level 5 in Fighting
  5564 | D:5      | HP: 3/68 [bullfrog skeleton (2)]
  5564 | D:5      | Noticed Eustachio
  5601 | D:5      | Killed Eustachio
  5602 | D:5      | Reached skill level 7 in Long Blades
  5602 | D:5      | Reached skill level 5 in Shields
  6491 | D:5      | Found a runed translucent door.
  6491 | D:5      | Noticed TangoThomas's ghost (novice HaWr)
  6653 | D:5      | Found a broken altar of Ashenzari.
  7012 | D:5      | Found a shadowy altar of Dithmenos.
  7633 | D:6      | Reached skill level 8 in Long Blades
  7638 | D:6      | Reached XP level 9. HP: 64/75 MP: 9/9
  7825 | D:6      | Noticed Prince Ribbit
  7836 | D:6      | Slain by Prince Ribbit

Illustrated notes

Levels and vault maps discovered:
D:1:      dpeg_arrival_snail, layout_basic
D:2:      layout_basic, lemuel_crystal_altar, nicolae_ru_sacrificial_ziggurat,
          chequers_jeans, minmay_misc_feat_tower, uniq_natasha
D:3:      layout_rooms, serial_bayou_pond_a
D:4:      layout_loops_ring, vehumet_statue, gammafunk_ghost_split,
          gup_sewer_entry_glass
D:5:      layout_basic, basic_altar, gammafunk_ghost_grave,
          grunt_dithmenos_smoke, uniq_eustachio
D:6:      layout_basic, nicolae_overflow_crystal_walls, serial_bayou_lake_a,
          uniq_menkaure, uniq_prince_ribbit1, uniq_blork_the_orc

Skill      XL: |  1  2  3  4  5  6  7  8 |
---------------+-------------------------+-----
Long Blades    | 3 4 5 6 8 |  8.1
Fighting       | 4 5 |  5.7
Armour         | 4 5 6 |  6.9
Shields        | 4 5 |  5.6
Dodging        | 1 2 |  2.1
Throwing       | 1 |  1.0
Stealth        | |  0.1

Action                   |  1- 3 |  4- 6 |  7- 9 || total
-------------------------+-------+-------+-------++-------
Melee: Long sword        |    96 |   352 |   328 ||   776
Throw: Boomerang         |       |       |    10 ||    10
  Use: Scroll            |       |       |    11 ||    11
       Potion            |       |       |     4 ||     4
Armor: Scale mail        |    41 |   170 |   116 ||   327
Dodge: Dodged            |    25 |   114 |   103 ||   242
Block: Kite shield       |    62 |   227 |   140 ||   429
       Rpst.: Long sword |    10 |    33 |    27 ||    70
